 Dungeon Crawl Stone Soup version 0.22.0-40-g68aacdc (webtiles) character file.

413 poirepourri the Chopper (level 6, -1/55 HPs)
             Began as a Deep Dwarf Fighter on Sept 2, 2018.
             Slain by an ooze (4 damage)
             ... on level 4 of the Dungeon.
             The game lasted 00:03:06 (2820 turns).

poirepourri the Chopper (Deep Dwarf Fighter)        Turns: 2820, Time: 00:03:06

Health: -1/55      AC: -1    Str: 17 (20) XL:     6   Next: 59%
Magic:  3/3        EV:  7    Int:  7 (9)  God:
Gold:   172        SH:  9    Dex: 11 (13) Spells: 5/5 levels left

rFire    . . .     SeeInvis .   a - +0 war axe
rCold    . . .     Gourm    .   c - +0 shield
rNeg     . . .     Faith    .   b - +0 scale mail
rPois    .         Spirit   .   (no helmet)
rElec    .         Reflect  .   (no cloak)
rCorr    .         Harm     .   (no gloves)
MR       .....                  (no boots)
Stlth    ..........             (no amulet)
HPRegen  0.00/turn              (no ring)
MPRegen  0.08/turn              (no ring)

@: corroded, non-regenerating
A: damage resistance, heal wounds, sense surroundings 1, no regeneration
a: Heal Wounds


You were on level 4 of the Dungeon.
You were very full.

You visited 1 branch of the dungeon, and saw 4 of its levels.

You collected 172 gold pieces.

Inventory:

Hand Weapons
 a - a +0 war axe (weapon)
Missiles
 m - 55 bolts
 n - 3 javelins of returning (quivered)
 u - 5 tomahawks
Armour
 b - a +0 scale mail (worn)
 c - a +0 shield (worn)
Jewellery
 d - an uncursed ring of protection from cold {unknown}
 j - an uncursed ring of flight {unknown}
Scrolls
 g - 3 scrolls of teleportation
 i - a scroll of fear
 q - a scroll of amnesia
Potions
 h - a potion of brilliance {unknown}
 k - a potion of invisibility {unknown}
Comestibles
 f - 5 rations


   Skills:
 - Level 2.6 Fighting
 + Level 7.9 Axes
 - Level 3.2 Armour
 - Level 3.2 Shields


You had 5 spell levels left.
You didn't know any spells.
Your spell library was empty.

Dungeon Overview and Level Annotations

Branches:
Dungeon (4/15)
 Temple: D:4-7

Altars:
Okawaru
The Shining One


Innate Abilities, Weirdness & Mutations

You are resistant to damage.
You can heal yourself by infusing magical energy.
You passively map a small area around you.
You do not regenerate.


Message History

Your magical essence is drained by the effort!
You feel much better. The jelly hits you.
You are splashed with acid!
The acid burns!
You hit the jelly but do no damage.
Your hands burn!
The jelly is severely wounded.
The jelly hits you. The acid corrodes you!
You are splashed with acid!
The acid burns!
* * * LOW HITPOINT WARNING * * *
Your shield and scale mail prevent you from hitting the jelly.
The jelly is severely wounded.
You block the jelly's attack.
You hit the jelly.
Your hands burn!
* * * LOW HITPOINT WARNING * * *
The jelly is severely wounded.
The jelly hits you.
You are splashed with acid!
The acid burns!
* * * LOW HITPOINT WARNING * * *
You hit the jelly.
You kill the jelly!
You hit the ooze but do no damage. The ooze hits you.
You die...

#....##..# ##..(..## #..........
#....##..# #...(...# #..........
#....##..# #.......# #..........
#....###.# #.......# #..........
#....# #.# #.......# #..........
.....###.# ####)...# *..........
#......#.# ##..'....#
*,,,,,,,,,, ##...#.#.#
#.######## *,,,,,,,,,,
#†..#.#>####..†@J.## *,,,,,,,,,,
#...#....#*#######'#**,,,,,,,,,,
#...####.#*..JPJP...#*,,,,,,,,,,
#...# *.#*.P.JJJJP.#***********
#...# *.#*.P..J..J.# *,,,,,,,,*
##### *.#*.....P...# *,,,,,,,,*
*.#*.P.......# *,,,,,,,,*
*.#*$P÷÷..÷P.# *,,,,,,,,*
*,**########## *,,,,,,,,*


You could see an ooze.

Vanquished Creatures
  3 jellies (D:4)
  A hound (D:4)
  An orc wizard (D:3)
  A worker ant (D:4)
  A hound skeleton (D:4)
  7 gnolls (D:4)
  4 adders
  8 oozes
  3 dart slugs
  5 leopard geckos (D:3)
  5 orcs (D:3)
  7 bats
  3 giant cockroaches
  8 goblins
  5 hobgoblins
  4 jackals
  14 kobolds
  2 quokkas
  2 ball pythons (D:1)
  5 frilled lizards
  3 rats
92 creatures vanquished.

Vanquished Creatures (others)
  4 fungi (D:4)
  5 toadstools (D:4)
9 creatures vanquished.

Grand Total: 101 creatures vanquished

Notes
Turn   | Place    | Note
-------+----------+-------------------------------------------
     0 | D:1      | poirepourri the Deep Dwarf Fighter began the quest for the Orb.
     0 | D:1      | Reached XP level 1. HP: 20/20 MP: 1/1
     6 | D:1      | Noticed a wyvern
     6 | D:1      | Noticed an anaconda
     6 | D:1      | Noticed a komodo dragon
     6 | D:1      | Noticed a wolf
    39 | D:1      | Reached skill level 3 in Axes
    48 | D:1      | Reached XP level 2. HP: 27/27 MP: 2/2
   682 | D:2      | Reached skill level 4 in Axes
   682 | D:2      | Reached XP level 3. HP: 25/33 MP: 3/3
  1599 | D:2      | Found a glowing golden altar of the Shining One.
  1671 | D:3      | Reached XP level 4. HP: 27/40 MP: 4/4
  1773 | D:3      | Reached skill level 5 in Axes
  2080 | D:3      | Reached XP level 5. HP: 15/46 MP: 4/4
  2360 | D:4      | Reached skill level 6 in Axes
  2384 | D:4      | Found an iron altar of Okawaru.
  2645 | D:4      | Reached skill level 7 in Axes
  2692 | D:4      | Reached XP level 6. HP: 11/55 MP: 4/4
  2820 | D:4      | Slain by an ooze

Skill      XL: |  1  2  3  4  5 |
---------------+----------------+-----
Axes           | 3 4 5 7 |  7.9
Fighting       | |  2.6
Armour         | |  3.2
Shields        | |  3.2

Action                   |  1- 3 |  4- 6 || total
-------------------------+-------+-------++-------
Melee: War axe           |   125 |   210 ||   335
 Abil: Heal Wounds       |       |     5 ||     5
  Use: Scroll            |     5 |     8 ||    13
       Potion            |       |     5 ||     5
  Eat: Ration            |     1 |     3 ||     4
       Chunk             |     1 |       ||     1
Armor: Scale mail        |    47 |    74 ||   121
Dodge: Dodged            |    34 |    68 ||   102
Block: Shield            |    79 |   106 ||   185
